AoeStats
← 公鸡神探

Arena

506163597Analyzed
4v4 RM · 21d ago on Sep 12, 2026· 54m 36s· 8 players
Game mode
Random Map
Map size
Large (8 player)
Population
200
Speed
Normal
Resources
Standard
Victory
Conquest
Starting age
Dark Age
Ending age
Imperial Age
RankedLock teamsTeams togetherTeam positionsShared explorationLock speedFull tech treeHidden civsTurbo modeCheats
Victory
Defeat
🇨🇳 Britons · China
1306
+15
🇨🇳 Franks · China
1237
+17
🇨🇳 Armenians · China
1224
+18
🇩🇪 Celts · Germany
1218
+18
🇳🇱 Khmer · Netherlands
1317
-19
🇧🇷 Lithuanians · Brazil
1311
-19
🇹🇷 Chinese · Türkiye
1275
-17
🇨🇦 Teutons · Canada
1172
-13
无甲的joe
9:54 Feudal Age
13:52 Castle Age
12:40 Double-Bit Axe
18:01 Forging
18:50 Scale Barding Armor
25:18 Iron Casting
28:15 Bow Saw
28:55 Stone Mining
29:40 Gold Mining
32:49 Imperial Age
30:54 Wheelbarrow
30:29 Scale Mail Armor
32:25 Squires
32:10 Arson
33:51 Gold Shaft Mining
33:14 Elite Throwing Axeman
34:15 Conscription
34:59 Blast Furnace
34:15 Chain Mail Armor
35:28 #83
36:34 Chemistry
36:10 Husbandry
39:39 Plate Mail Armor
49:31 Caravan
老头
10:57 Feudal Age
14:45 Castle Age
13:04 Double-Bit Axe
13:53 Horse Collar
16:53 Bow Saw
20:55 Loom
22:32 Fletching
23:23 Gold Mining
24:30 Bodkin Arrow
26:09 Gold Shaft Mining
26:02 Heavy Plow
26:50 Padded Archer Armor
27:44 Wheelbarrow
28:07 Stone Mining
29:03 Hand Cart
29:58 Ballistics
30:04 Leather Archer Armor
32:49 Imperial Age
31:44 Yeomen
32:55 Elite Longbowman
33:40 Bracer
34:10 Ring Archer Armor
33:04 Elite Longbowman
34:48 Chemistry
39:16 Scale Mail Armor
39:27 Forging
39:38 Conscription
39:46 Pikeman
40:27 Squires
40:12 Gambesons
40:13 Arson
40:37 Halberdier
41:43 Chain Mail Armor
42:04 Iron Casting
44:46 Warwolf
45:31 Siege Engineers
51:38 Plate Mail Armor
52:09 Blast Furnace
56:04 Two-Man Saw
公鸡神探
12:59 Feudal Age
13:40 Double-Bit Axe
16:32 Castle Age
14:40 Horse Collar
16:44 Gold Mining
19:30 Gold Shaft Mining
19:07 Bow Saw
28:50 Gold Shaft Mining
28:10 Man-at-Arms
28:50 Squires
28:36 Arson
32:17 Imperial Age
30:43 Gold Shaft Mining
29:51 Man-at-Arms
30:32 Squires
30:48 Long Swordsman
31:14 Gambesons
31:31 Scale Mail Armor
31:42 Forging
32:58 Chain Mail Armor
32:17 Two-Handed Swordsman
32:44 Arson
33:24 Fereters
33:40 Conscription
34:18 Iron Casting
34:48 Wheelbarrow
33:58 Town Watch
33:59 Loom
34:08 Stone Mining
33:53 Champion
34:08 Capped Ram
35:39 Plate Mail Armor
37:29 Blast Furnace
39:21 Siege Ram
47:49 Fletching
48:00 Padded Archer Armor
48:22 Ballistics
49:02 Chemistry
48:57 Elite Composite Bowman
49:37 Bodkin Arrow
49:57 Leather Archer Armor
49:39 Pikeman
51:58 Spies/Treason
haki
10:03 Feudal Age
10:51 Double-Bit Axe
15:45 Castle Age
14:18 Stone Mining
15:22 Loom
17:12 Bow Saw
19:17 Wheelbarrow
24:11 Hand Cart
25:57 Gold Mining
25:54 Horse Collar
27:58 Gold Shaft Mining
27:20 Town Watch
30:20 Imperial Age
28:08 Heavy Plow
28:31 Forging
28:21 Scale Mail Armor
28:12 Fletching
28:10 Arson
28:11 Pikeman
28:36 Gambesons
29:20 Stronghold
30:54 Stone Shaft Mining
30:40 Chain Mail Armor
31:01 Iron Casting
31:38 Conscription
32:25 Plate Mail Armor
31:54 Bodkin Arrow
31:35 Capped Ram
32:40 Halberdier
35:31 Blast Furnace
42:39 Onager
43:54 Siege Engineers
43:30 Treadmill Crane
43:45 Murder Holes
44:11 Ballistics
46:05 Siege Onager
thegladiator989
10:55 Feudal Age
12:16 Wheelbarrow
14:56 Castle Age
13:17 Double-Bit Axe
13:41 Horse Collar
15:00 Loom
20:14 Heavy Plow
24:35 Fletching
24:56 Forging
24:51 Scale Barding Armor
24:31 Pikeman
24:57 Gambesons
25:36 Scale Mail Armor
25:31 Bodkin Arrow
27:08 Iron Casting
27:13 Hand Cart
27:26 Chain Barding Armor
26:55 Town Watch
29:10 Squires
29:56 Gold Mining
29:56 Stone Mining
30:25 Chain Mail Armor
34:29 Imperial Age
33:25 Masonry
33:26 Fortified Wall
34:54 Bloodlines
36:33 Blast Furnace
35:10 Cavalier
35:12 Halberdier
36:37 Plate Mail Armor
37:10 Conscription
37:10 Crenellations
37:26 Hoardings
37:01 Siege Engineers
37:57 Chemistry
41:46 Plate Barding Armor
42:47 Bow Saw
43:05 Padded Archer Armor
44:15 Hoardings
44:02 Ironclad
43:40 Paladin
49:31 Ballistics
zabijucha
10:27 Feudal Age
11:04 Loom
13:44 Castle Age
12:22 Double-Bit Axe
15:06 Bloodlines
16:34 Bow Saw
16:59 Horse Collar
23:04 Heavy Plow
24:30 Wheelbarrow
24:59 Bloodlines
29:23 Imperial Age
27:10 Husbandry
27:24 Town Watch
27:56 Gold Mining
28:15 Scale Barding Armor
29:19 Chain Barding Armor
29:09 Forging
29:27 Ballistics
30:51 Crop Rotation
31:42 Gold Shaft Mining
31:29 Hand Cart
31:41 Tusk Swords
33:03 Plate Barding Armor
33:15 Hoardings
32:12 Heavy Scorpion
33:27 Conscription
33:29 Fletching
33:53 Siege Engineers
35:45 Chemistry
35:30 Iron Casting
37:45 Blast Furnace
37:02 Masonry
37:31 Hoardings
38:17 Architecture
38:30 Bodkin Arrow
38:53 Capped Ram
40:19 Double Crossbow
41:10 Siege Ram
42:25 Bracer
42:41 Caravan
42:52 Elite Battle Elephant
46:23 Light Cavalry
48:24 Hussar
Guii
10:16 Feudal Age
14:45 Castle Age
12:31 Double-Bit Axe
12:41 Horse Collar
15:24 Wheelbarrow
15:48 Bow Saw
15:51 Heavy Plow
16:29 Fervor
18:38 Forging
21:28 Scale Barding Armor
22:19 Treadmill Crane
25:04 Husbandry
24:25 Light Cavalry
25:31 Hand Cart
25:44 Gold Mining
25:44 Stone Mining
27:37 Town Watch
27:37 Loom
30:51 Imperial Age
30:01 Iron Casting
30:18 Chain Barding Armor
30:35 Town Patrol
31:28 Husbandry
31:39 Bloodlines
30:55 Cavalier
33:22 Plate Barding Armor
33:17 Conscription
33:14 Paladin
34:48 Stone Shaft Mining
34:37 Fletching
34:48 Padded Archer Armor
35:50 Chemistry
35:06 Elite Skirmisher
35:52 Thumb Ring
35:39 Crossbowman
36:42 Leather Archer Armor
36:23 Bodkin Arrow
36:39 Tower Shields
37:15 Ballistics
38:11 Ring Archer Armor
37:32 Elite Leitis
38:09 Winged Hussar
41:14 Two-Man Saw
Jewish MasterMind
0:27 Loom
11:20 Feudal Age
18:31 Castle Age
16:22 Double-Bit Axe
17:47 Horse Collar
18:18 Fletching
20:14 Bodkin Arrow
20:33 Town Watch
21:23 Wheelbarrow
23:46 Padded Archer Armor
34:18 Imperial Age
34:47 Hand Cart
34:49 Bow Saw
34:54 Gold Mining
34:56 Stone Mining
37:01 Chemistry
36:06 Bracer
36:21 Leather Archer Armor
36:48 Conscription
37:16 Gold Shaft Mining
37:19 Stone Shaft Mining
36:48 Heavy Plow
38:11 Masonry
37:57 Murder Holes
38:24 Ballistics
38:02 Murder Holes
38:22 Fortified Wall
38:45 Ring Archer Armor
40:30 Architecture
41:07 Crossbowman
41:52 Thumb Ring
41:28 Elite Chu Ko Nu
42:31 Rocketry
41:41 Arbalester
49:12 Two-Man Saw
Connection lost

Rejoining the realm…

Still unreachable

The connection could not be restored.

Session expired

The server has moved on; the page needs a fresh start.